 Dungeon Crawl Stone Soup version 0.22-a0-887-g123f989 (webtiles) character file.

35 Malabolg the Skirmisher (level 3, 0/21 HPs)
             Began as a Vine Stalker Archaeologist on June 13, 2019.
             Slain by a worm (8 damage)
             ... on level 2 of the Dungeon.
             The game lasted 00:06:57 (1166 turns).

Malabolg the Skirmisher (VSAc)                      Turns: 1166, Time: 00:06:57

Health: 0/21       AC:  6    Str: 15    XL:     3   Next: 33%
Magic:  0/4        EV: 13    Int: 12    God:
Gold:   56         SH:  0    Dex: 13    Spells: 2/2 levels left

rFire    . . .     SeeInvis .   a - +0 short sword
rCold    . . .     Gourm    .   (no shield)
rNeg     . . .     Faith    .   b - +1 robe
rPois    .         Spirit   +   c - +1 hat
rElec    .         Reflect  .   (no cloak)
rCorr    .         Harm     .   m - +1 pair of gloves {archery}
MR       .....                  (no boots)
Stlth    ++........             (no amulet)
HPRegen  0.07/turn              (no ring)
MPRegen  0.09/turn              (no ring)

@: studying Shields
A: fangs 2, magic shield, antimagic bite, no device heal 3, rot immunity
a: no special abilities


You were on level 2 of the Dungeon.
You were hungry.

You visited 1 branch of the dungeon, and saw 2 of its levels.

You collected 56 gold pieces.

Inventory:

Hand Weapons
 a - a +0 short sword (weapon)
 s - a +2 mace of holy wrath
Missiles
 o - 35 stones (quivered)
Armour
 b - a +1 robe (worn)
 c - a +1 hat (worn)
 m - a +1 pair of gloves of archery (worn)
Scrolls
 f - 5 scrolls of identify
 i - a scroll of blinking {unknown}
 k - a scroll of random uselessness {unknown}
 l - a scroll of fog {unknown}
Potions
 h - 2 potions of agility {unknown}
 j - 2 potions of curing {unknown}
 n - 2 potions of restore abilities {unknown}
 p - a potion of magic {unknown}
 q - a potion of haste
Books
 d - a manual of Shields
Miscellaneous
 e - an ancient crate
Comestibles
 g - 2 rations


   Skills:
 - Level 3.6 Fighting
 + Level 0.0 Short Blades
 - Level 2.5 Dodging
 - Level 1.2 Stealth
 * Level 1.1 Shields


You had 2 spell levels left.
You didn't know any spells.
Your spell library was empty.

Dungeon Overview and Level Annotations

Branches:
Dungeon (2/15)

Altars:


Innate Abilities, Weirdness & Mutations

You have extremely sharp teeth.
When hurt, damage is shared between your health and your magic reserves.
Your bite disrupts and absorbs the magic of your enemies.
Devices cannot restore your health.
You are immune to rotting.


Message History

You barely miss the batcrab. Your bite misses the batcrab.
The batcrab hits you but does no damage.
A sea worm comes into view.
You hit the batcrab.
You kill the batcrab!
You hit the sea worm.
The sea worm is lightly wounded.
The sea worm bites you!
You barely miss the sea worm.
The sea worm is lightly wounded.
You hit the sea worm.
The sea worm is moderately wounded.
The sea worm bites you but does no damage.
You hit the sea worm but do no damage.
The sea worm is moderately wounded.
You hit the sea worm.
You bite the sea worm, but do no damage.
The sea worm is moderately wounded.
The sea worm bites you!
Your journey is over little crab

........# #...# .#
#........ #...#####.#
......... #...#.....##+#
.........##...#.#.......
.........#..............
....... #.)....#.......
#......#.......
#......#.......
#......@w..#
#..........#
#..........#
#.>..........
#......##...... #......#
...... #......# ......
#...... ......


You could see a worm.

Vanquished Creatures
  A worm (D:2)
  A dart slug (D:1)
  2 giant cockroaches (D:1)
  3 goblins (D:1)
  3 hobgoblins (D:1)
  5 kobolds
  3 bats
  3 frilled lizards
  10 rats
31 creatures vanquished.

Notes
Turn   | Place    | Note
-------+----------+-------------------------------------------
     0 | D:1      | Malabolg the Vine Stalker Archaeologist began the quest for the Orb.
     0 | D:1      | Reached XP level 1. HP: 11/11 MP: 2/2
   198 | D:1      | Reached skill level 3 in Fighting
   200 | D:1      | Reached XP level 2. HP: 14/16 MP: 3/3
   759 | D:1      | Reached XP level 3. HP: 20/20 MP: 4/4
  1035 | D:2      | Found a faded altar of an unknown god.
  1126 | D:2      | Reached skill level 1 in Shields
  1166 | D:2      | Slain by a worm

Vault maps used:
D:1:      lemuel_arrival_hallway, minmay_crystal_water, serial_park_tiny_2
D:2:      tso_altar, chequers_ecumenical_altar_simple

Skill      XL: |  1  2  3 |
---------------+----------+-----
Fighting       | 3 |  3.6
Shields        | 1 |  1.1
Dodging        | |  2.5
Stealth        | |  1.2

Action                   || total
-------------------------++-------
Melee: Whip              ||    82
       Bite              ||    15
       Spear             ||     9
       Short sword       ||     8
       Mace              ||     5
 Stab: Sleeping          ||     2
Armor: Robe              ||    25
Dodge: Dodged            ||    52

Table legend:
 A = Spawn XP
 B = Non-spawn XP
 C = Spawn XP percentage of total XP
 D = Spawn monster count
 E = Non-spawn monster count
 F = Spawn count percentage of total count
 G = Total turns spent on level
                    A         B        C        D         E        F      G
               +---------+---------+-------+---------+---------+-------+---------
         Total |       0 |      50 |   0.0 |       0 |      31 |   0.0 |  1166
               +---------+---------+-------+---------+---------+-------+---------
           D:1 |       0 |      37 |   0.0 |       0 |      24 |   0.0 |  1035
           D:2 |       0 |      13 |   0.0 |       0 |       7 |   0.0 |   131
               +---------+---------+-------+---------+---------+-------+---------
